[Event "Titled Tuesday Blitz May 03 Late 2022"]
[White "Simonovic, Miroslav"]
[Black "Piliczewski, Bogusz"]
[WhiteFideId "919152"]
[BlackFideId "1104144"]
[WhiteElo "2043"]
[BlackElo "1896"]
[Result "1-0"]
[Round "06"]
[TimeControl "180+1"]
[Date "2022.05.03"]
[WhiteClock "0:02:03"]
[BlackClock "0:00:41"]

1. d4 d5 2. Bg5 Nf6 3. Bxf6 exf6 4. e3 Bd6 5. a3 O-O 6. c4 c6 7. cxd5 cxd5 8. Nc3 Be6 9. g3 Nd7 10. Bg2 Rc8 11. Nge2 Nb6 12. O-O Nc4 13. b4 a6 14. Nxd5 Bxg3 15. Nxf6+ Qxf6 16. hxg3 Rc7 17. Nf4 b5 18. Nd3 Rd8 19. Nc5 Bc8 20. Qe2 Re8 21. Rfe1 Rce7 22. Qf3 g6 23. Qxf6 1-0


[Site "https://www.chess.com"]

[Event "Titled Tuesday Blitz May 03 Late 2022"]
[White "Smail, Benedict"]
[Black "Golubev, Mikhail"]
[WhiteFideId "2050480"]
[BlackFideId "14100983"]
[WhiteElo "2070"]
[BlackElo "2374"]
[Result "0-1"]
[Round "06"]
[TimeControl "180+1"]
[Date "2022.05.03"]
[WhiteClock "0:00:01"]
[BlackClock "0:00:05"]

1. d4 Nf6 2. c4 g6 3. Nc3 Bg7 4. Nf3 O-O 5. Bg5 d6 6. e3 c6 7. Be2 a6 8. O-O b5 9. Nd2 Bb7 10. a3 Nbd7 11. b4 Nb6 12. c5 dxc5 13. dxc5 Nbd5 14. Rc1 Nxc3 15. Rxc3 Nd5 16. Rd3 Qc7 17. Nb3 Nc3 18. Qc2 Nxe2+ 19. Qxe2 Bc8 20. Rfd1 Bf5 21. e4 Be6 22. Qe3 Rad8 23. Nc1 Bc4 24. Bf4 Qc8 25. R3d2 Bb2 26. h3 e5 27. Bg5 Bd4 28. Qg3 f6 29. Bh6 Rf7 30. Ne2 Bxe2 31. Rxe2 Bxf2+ 32. Rxf2 Rxd1+ 33. Kh2 Qd8 34. Qb3 Rd3 35. Qa2 Qe7 36. Qc2 Rd4 37. Be3 Rd8 38. Qb3 Kg7 39. Rd2 Rxd2 40. Bxd2 Qd7 41. Be3 Rf8 42. Qb2 Rd8 43. Qf2 Qe6 44. Qh4 Rd7 45. Qh6+ Kg8 46. Qh4 Rd3 47. Qe1 Kg7 48. Qe2 Qc4 49. Qf2 Qxe4 50. Bc1 g5 51. Kh1 Kg6 52. Kh2 h5 53. Qb2 Qd4 54. Qa2 Qc4 55. Qb2 e4 0-1


[Site "https://www.chess.com"]

[Event "Titled Tuesday Blitz May 03 Late 2022"]
[White "Suarez Uriel, Adrian"]
[Black "Sokolovsky, Yahli"]
[WhiteFideId "22230874"]
[BlackFideId "2820242"]
[WhiteElo "2316"]
[BlackElo "1770"]
[Result "1-0"]
[Round "06"]
[TimeControl "180+1"]
[Date "2022.05.03"]
[WhiteClock "0:02:02"]
[BlackClock "0:01:23"]

1. e4 g6 2. d4 Bg7 3. Nc3 d6 4. Be3 a6 5. g4 b5 6. Bg2 Bb7 7. h4 h5 8. gxh5 Rxh5 9. Bf3 Rh8 10. h5 gxh5 11. Rxh5 Rxh5 12. Bxh5 Nf6 13. Bf3 e6 14. e5 Nd5 15. Nxd5 exd5 16. e6 fxe6 17. Bh5+ Kd7 18. Qg4 Bf6 19. Nh3 Kc6 20. Nf4 e5 21. dxe5 dxe5 22. Qe6+ 1-0


[Site "https://www.chess.com"]

[Event "Titled Tuesday Blitz May 03 Late 2022"]
[White "Sztokbant, Bernardo Vainzoff"]
[Black "Melikhov, Evgeny V."]
[WhiteFideId "2115956"]
[BlackFideId "4122046"]
[WhiteElo "2225"]
[BlackElo "1931"]
[Result "1-0"]
[Round "06"]
[TimeControl "180+1"]
[Date "2022.05.03"]
[WhiteClock "0:00:44"]
[BlackClock "0:00:09"]

1. e4 e5 2. Nf3 Nc6 3. Bb5 a6 4. Ba4 Nf6 5. O-O Nxe4 6. d4 b5 7. Bb3 d5 8. dxe5 Be6 9. c3 Bc5 10. Nbd2 O-O 11. Qe2 Bf5 12. a4 Nxd2 13. Bxd2 Na5 14. Bd1 Nc4 15. Bf4 c6 16. b3 Nb6 17. a5 Nd7 18. Bc2 Bxc2 19. Qxc2 h6 20. Rfe1 Qe7 21. Nd4 Bxd4 22. cxd4 Rac8 23. Rac1 Rfe8 24. Qd2 Nf8 25. b4 Ne6 26. Be3 f6 27. f4 fxe5 28. fxe5 Rf8 29. Rf1 Rxf1+ 30. Rxf1 Rf8 31. Rc1 Nd8 32. h3 Qe6 33. Qd3 Qf5 34. Qxf5 Rxf5 35. Rc3 Kf8 36. g4 Rf7 37. Bf2 g5 38. Kf1 Ke7 39. Ke2 Ke6 40. h4 Rf4 41. hxg5 hxg5 42. Rg3 Kd7 43. Be3 Re4 44. Kd3 Ne6 45. Rg1 Nf4+ 46. Bxf4 Rxf4 47. Ke3 Ke6 48. Rc1 Kd7 49. Rg1 Ke6 50. Rh1 Re4+ 51. Kd3 Rxg4 52. Rh6+ Kf5 53. Rxc6 Rg3+ 54. Ke2 Ke4 55. Rxa6 Kxd4 56. e6 Re3+ 57. Kf2 Re5 58. Rb6 Rf5+ 59. Kg3 Rf8 60. a6 Kc4 61. a7 Ra8 62. e7 Kxb4 63. Rb8 Rxa7 64. e8=Q 1-0


[Site "https://www.chess.com"]

[Event "Titled Tuesday Blitz May 03 Late 2022"]
[White "Tanenbaum, Zachary"]
[Black "Vusatiuk, Vladimir"]
[WhiteFideId "2060850"]
[BlackFideId "14118610"]
[WhiteElo "2168"]
[BlackElo "2157"]
[Result "1-0"]
[Round "06"]
[TimeControl "180+1"]
[Date "2022.05.03"]
[WhiteClock "0:00:55"]
[BlackClock "0:00:25"]

1. e4 Nc6 2. Nf3 d5 3. exd5 Qxd5 4. Nc3 Qh5 5. Nb5 Kd8 6. d4 Bg4 7. Bf4 e5 8. dxe5+ Kc8 9. Be2 a6 10. Nbd4 Nxd4 11. Qxd4 Ne7 12. O-O-O Nc6 13. Qe3 Be7 14. h3 Be6 15. Nd4 Qg6 16. Nxc6 bxc6 17. Bf3 Bd5 18. Rxd5 cxd5 19. Bxd5 Rb8 20. e6 Bf6 21. Qc5 Bxb2+ 22. Kd2 Rb7 23. Bxb7+ Kxb7 24. Qxc7+ Ka8 25. Qc6+ Ka7 26. Be3+ Kb8 27. Qb6+ Kc8 28. Qxa6+ Kc7 29. Bf4+ Kd8 30. Qd6+ Ke8 31. Qd7+ Kf8 32. e7+ Kg8 33. e8=Q# 1-0


[Site "https://www.chess.com"]

[Event "Titled Tuesday Blitz May 03 Late 2022"]
[White "Thybo, Jesper Sondergaard"]
[Black "Nozdrachev, Leonid"]
[WhiteFideId "1438832"]
[BlackFideId "24113433"]
[WhiteElo "2316"]
[BlackElo "2242"]
[Result "1-0"]
[Round "06"]
[TimeControl "180+1"]
[Date "2022.05.03"]
[WhiteClock "0:01:59"]
[BlackClock "0:01:30"]

1. Nf3 Nf6 2. b3 a5 3. Nc3 d5 4. e3 Nc6 5. Bb2 e5 6. Bb5 e4 7. Ne5 Bd7 8. Nxd7 Qxd7 9. Ne2 Bd6 10. Bxf6 gxf6 11. Nd4 Be5 12. c3 Bxd4 13. cxd4 O-O 14. Qh5 Qe6 15. Bxc6 bxc6 16. O-O a4 17. b4 a3 18. f3 Rab8 19. fxe4 Qxe4 20. Rf4 Qe6 21. Rg4+ Kh8 22. Rh4 1-0


[Site "https://www.chess.com"]

[Event "Titled Tuesday Blitz May 03 Late 2022"]
[White "Tisaj, Domen"]
[Black "Fiorito, Fabian"]
[WhiteFideId "14628708"]
[BlackFideId "100200"]
[WhiteElo "2333"]
[BlackElo "2395"]
[Result "1-0"]
[Round "06"]
[TimeControl "180+1"]
[Date "2022.05.03"]
[WhiteClock "0:00:26"]
[BlackClock "0:00:02"]

1. c4 e5 2. Nc3 d6 3. g3 g6 4. Bg2 Bg7 5. Rb1 f5 6. b4 Nf6 7. a4 O-O 8. a5 c6 9. d3 d5 10. cxd5 cxd5 11. Qb3 Be6 12. Nf3 Nc6 13. Ng5 Bf7 14. Nxf7 Rxf7 15. Nxd5 Nd4 16. Nxf6+ Bxf6 17. Qa2 Kg7 18. O-O Rc8 19. Rb2 Rfc7 20. Be3 b6 21. axb6 axb6 22. b5 Rc5 23. Bc6 f4 24. Bxd4 Qxd4 25. Qa7+ Kh6 26. Ra2 fxg3 27. hxg3 e4 28. Ra4 Qb2 29. Rxe4 Rh5 30. Kg2 Qc3 31. Qf7 1-0


[Site "https://www.chess.com"]

[Event "Titled Tuesday Blitz May 03 Late 2022"]
[White "Tristan, Leonardo"]
[Black "Jacobson, Brandon"]
[WhiteFideId "113816"]
[BlackFideId "30901561"]
[WhiteElo "2404"]
[BlackElo "2362"]
[Result "0-1"]
[Round "06"]
[TimeControl "180+1"]
[Date "2022.05.03"]
[WhiteClock "0:00:37"]
[BlackClock "0:00:28"]

1. d4 Nf6 2. Nf3 g6 3. Bf4 Bg7 4. e3 b6 5. Be2 Bb7 6. O-O O-O 7. h3 d6 8. a4 a5 9. Nbd2 Nbd7 10. Bh2 e6 11. c3 Qe7 12. Bd3 e5 13. e4 exd4 14. cxd4 Nxe4 15. Nxe4 Bxe4 16. Re1 f5 17. Nd2 Qf7 18. Bxe4 fxe4 19. Nxe4 d5 20. Ng5 Qxf2+ 21. Kh1 Rae8 22. Ne6 Rf6 23. Nxg7 Rxe1+ 24. Qxe1 Kxg7 25. Bxc7 Qxd4 26. Rd1 Qxa4 27. Rxd5 Qc6 28. Qd2 Rf1+ 29. Kh2 Qxc7+ 30. g3 Nf6 31. Rd6 Rf2+ 32. Qxf2 Qxd6 33. Kg2 Ne4 34. Qc2 Qxg3+ 35. Kf1 Qf2+ 36. Qxf2 Nxf2 37. Kxf2 b5 38. Ke3 g5 39. Kd4 h5 40. Kc5 b4 41. Kb5 g4 42. hxg4 hxg4 43. Kxa5 g3 44. Kxb4 g2 45. Ka5 g1=Q 46. b4 Qa7+ 47. Kb5 Qb7+ 48. Ka5 Kf6 49. b5 Ke5 50. b6 Kd4 51. Kb5 Kd5 52. Ka5 Kc4 53. Ka4 Qa6# 0-1


[Site "https://www.chess.com"]

[Event "Titled Tuesday Blitz May 03 Late 2022"]
[White "Trost, Edvin"]
[Black "Pakleza, Zbigniew"]
[WhiteFideId "1729519"]
[BlackFideId "1119290"]
[WhiteElo "2160"]
[BlackElo "2467"]
[Result "0-1"]
[Round "06"]
[TimeControl "180+1"]
[Date "2022.05.03"]
[WhiteClock "0:00:05"]
[BlackClock "0:00:11"]

1. d4 d6 2. e4 Nf6 3. Nc3 c6 4. f4 Qb6 5. Be2 e5 6. Nf3 Nbd7 7. O-O Be7 8. Kh1 exd4 9. Nxd4 Nc5 10. Bf3 O-O 11. a3 a5 12. Rb1 Re8 13. Be3 Bf8 14. Nb3 a4 15. Nxc5 dxc5 16. e5 Nd7 17. Ne4 Qc7 18. Qd2 c4 19. Rbd1 Nb6 20. Nd6 Re7 21. Be4 Nd5 22. Bxd5 cxd5 23. Qxd5 c3 24. Nb5 Qc6 25. Nxc3 Bf5 26. Qxc6 bxc6 27. Bc5 Rb7 28. Bxf8 Kxf8 29. Rb1 Bxc2 30. Rbc1 Bf5 31. Rf2 Ke7 32. h3 h5 33. Nd1 Ra6 34. Ne3 Be4 35. Nc4 Bd5 36. Nd6 Rb3 37. Kh2 Ke6 38. Re1 g6 39. Ree2 Rab6 40. f5+ gxf5 41. Nxf5 Kd7 42. Nd4 Rd3 43. Nf5 Rbb3 44. Nd6 Re3 45. Rxe3 Rxe3 46. Nxf7 h4 47. Rf4 c5 48. Ng5 Re2 49. e6+ Kd6 50. Rg4 Rxb2 51. Ne4+ Bxe4 52. Rxe4 Ke7 53. Re5 c4 54. Rc5 Rc2 55. Ra5 c3 56. Rxa4 Kxe6 57. Rxh4 Kd5 58. a4 Rc1 59. Rh8 Kd4 60. Rc8 Ra1 61. Rd8+ Ke3 62. Rc8 Kd2 63. Rd8+ Ke2 64. Re8+ Kd2 65. Rd8+ Kc1 66. h4 Rxa4 67. Rc8 c2 68. Kh3 Kb2 69. g4 Ra3+ 70. Kh2 Rc3 71. Rb8+ Ka2 72. Ra8+ Kb2 73. Rb8+ Ka3 74. Ra8+ Kb4 75. Ra1 c1=Q 76. Rxc1 Rxc1 77. Kg3 Kc5 78. Kf4 Kd6 79. Kf5 Ke7 80. Kg6 Kf8 81. Kh7 Rc4 82. g5 Rxh4+ 83. Kg6 Kg8 84. Kf5 Ra4 85. Kg6 Ra6+ 86. Kh5 Kg7 87. g6 Ra5+ 0-1


[Site "https://www.chess.com"]

[Event "Titled Tuesday Blitz May 03 Late 2022"]
[White "Vlassov, Nikolai"]
[Black "Keymer, Vincent"]
[WhiteFideId "4103360"]
[BlackFideId "12940690"]
[WhiteElo "2407"]
[BlackElo "2557"]
[Result "0-1"]
[Round "06"]
[TimeControl "180+1"]
[Date "2022.05.03"]
[WhiteClock "0:01:20"]
[BlackClock "0:01:18"]

1. e4 c6 2. d4 d5 3. e5 Bf5 4. Nc3 e6 5. g4 Bg6 6. Nge2 c5 7. Be3 Nc6 8. dxc5 h5 9. Nf4 d4 10. Nxg6 fxg6 11. Qd3 Kf7 12. O-O-O dxc3 13. Qe4 cxb2+ 14. Kxb2 Qxd1 15. Bd3 Qxg4 16. f4 Rd8 17. Rg1 Qf5 18. Qc4 Rxd3 19. cxd3 Nge7 20. Qc1 Nd5 21. Bd2 Be7 22. Qf1 Rd8 0-1


[Site "https://www.chess.com"]

[Event "Titled Tuesday Blitz May 03 Late 2022"]
[White "Vovk, Orest"]
[Black "Koelle, Tobias"]
[WhiteFideId "14113490"]
[BlackFideId "16207378"]
[WhiteElo "2203"]
[BlackElo "2541"]
[Result "0-1"]
[Round "06"]
[TimeControl "180+1"]
[Date "2022.05.03"]
[WhiteClock "0:01:42"]
[BlackClock "0:02:28"]

1. h4 d5 2. h5 h6 3. e4 dxe4 4. Nc3 Nf6 5. Qe2 Nc6 6. Nxe4 Nd4 7. Nxf6+ gxf6 8. Qd1 Bf5 9. d3 e5 10. Be3 Qd7 11. c3 Nc6 12. Qa4 O-O-O 13. O-O-O a6 14. g3 Be7 15. Bg2 Qe6 16. Bxc6 Qxc6 17. Qxc6 bxc6 18. Rh4 Bxd3 19. Ra4 Bb5 20. Rxd8+ Bxd8 21. Rg4 f5 22. Rg7 Bc4 23. Nf3 Bf6 24. Bxh6 Rxh6 25. Rg8+ Kb7 26. g4 fxg4 27. Rxg4 Bd5 28. Nd2 Rxh5 29. c4 Be6 30. Rg3 Bg5 31. Rb3+ Kc8 0-1


[Site "https://www.chess.com"]

[Event "Titled Tuesday Blitz May 03 Late 2022"]
[White "Vujic, Mihailo"]
[Black "Korchmar, Vasiliy"]
[WhiteFideId "918873"]
[BlackFideId "24131750"]
[WhiteElo "2256"]
[BlackElo "2370"]
[Result "0-1"]
[Round "06"]
[TimeControl "180+1"]
[Date "2022.05.03"]
[WhiteClock "0:00:03"]
[BlackClock "0:00:03"]

1. e4 c5 2. c3 Nf6 3. e5 Nd5 4. Nf3 e6 5. b4 cxb4 6. c4 Nf4 7. d4 Ng6 8. h4 h5 9. Bd3 Nc6 10. Bxg6 fxg6 11. Qd3 Ne7 12. Bg5 Kf7 13. d5 Qa5 14. Bxe7 Bxe7 15. d6 Bd8 16. Nbd2 b5 17. Ne4 b3+ 18. Kf1 Rh6 19. Nfg5+ Kg8 20. Qf3 Bxg5 21. Nxg5 Bb7 22. Qxb7 Rf8 23. Qxb5 Qd2 24. Nf3 b2 25. Re1 Qc1 26. Ke2 Qc2+ 27. Nd2 g5 28. hxg5 Rg6 29. Rxh5 Qf5 30. f3 Rxg5 31. Rxg5 Qxg5 32. g4 Qf4 33. Qxb2 Qh2+ 34. Kd1 Rxf3 35. Qb8+ Rf8 36. Qxa7 Qg2 37. Qxd7 Qxg4+ 38. Kc1 Ra8 39. Qb7 Rxa2 40. Qc8+ Kh7 41. Rh1+ Kg6 42. Qe8+ Kg5 43. Qe7+ Kf5 44. Qf7+ Kxe5 45. Re1+ Kxd6 46. Qf8+ Kd7 47. Qf7+ Kd6 48. Qf8+ Kc7 49. Qe7+ Kc8 50. Qe8+ Kc7 51. Qe7+ Kb8 52. Rxe6 Qg1+ 53. Re1 Qb6 54. Qe5+ Ka7 55. Qe7+ Ka8 56. Qe8+ Ka7 57. Qd7+ Ka6 58. Qe8 Qb2+ 59. Kd1 Qxd2# 0-1


[Site "https://www.chess.com"]

[Event "Titled Tuesday Blitz May 03 Late 2022"]
[White "Vypkhaniuk, Ihor"]
[Black "Pesotskiy, Mikhail"]
[WhiteFideId "14112256"]
[BlackFideId "34164453"]
[WhiteElo "2346"]
[BlackElo "2010"]
[Result "1-0"]
[Round "06"]
[TimeControl "180+1"]
[Date "2022.05.03"]
[WhiteClock "0:00:43"]
[BlackClock "0:01:09"]

1. d4 Nf6 2. Nf3 e6 3. c4 Bb4+ 4. Bd2 a5 5. Nc3 b6 6. e3 Bb7 7. Bd3 O-O 8. O-O d6 9. Rc1 Nbd7 10. a3 Bxc3 11. Bxc3 Ne4 12. Be1 a4 13. Bc2 Bc6 14. d5 exd5 15. cxd5 Bb7 16. Bxe4 Nf6 17. Bc2 Bxd5 18. Bxa4 Bxf3 19. gxf3 d5 20. f4 Qc8 21. Kh1 Qh3 22. Rg1 Rxa4 23. Qxa4 Ng4 24. Rg2 Nxh2 25. Rg3 Qh5 26. Qd1 Ng4+ 27. Kg2 Qh2+ 28. Kf3 f5 29. Qxd5+ Kh8 30. Ke2 Qh5 31. Kd2 Nh2 32. Kc2 Nf1 33. Rg1 Qe2+ 34. Kb1 1-0


[Site "https://www.chess.com"]

[Event "Titled Tuesday Blitz May 03 Late 2022"]
[White "Wachinger, Guenther"]
[Black "Omariev, Maksim"]
[WhiteFideId "4604261"]
[BlackFideId "4193423"]
[WhiteElo "2212"]
[BlackElo "2526"]
[Result "0-1"]
[Round "06"]
[TimeControl "180+1"]
[Date "2022.05.03"]
[WhiteClock "0:00:01"]
[BlackClock "0:00:25"]

1. e4 c5 2. Nf3 d6 3. d4 cxd4 4. Nxd4 Nf6 5. Nc3 a6 6. Qf3 e6 7. g4 Be7 8. g5 Nfd7 9. Rg1 Qc7 10. Be3 b5 11. Qh3 O-O 12. Bd3 Ne5 13. O-O-O Nbd7 14. f4 Nxd3+ 15. Rxd3 Nc5 16. Rdd1 b4 17. Nce2 Nxe4 18. Ng3 Bb7 19. Nxe6 Qc8 20. g6 hxg6 21. Ng5 Qxh3 22. Nxh3 a5 23. Nf2 Nxf2 24. Bxf2 Rfd8 25. Rge1 Bf6 26. Bd4 Bf3 27. Bxf6 gxf6 28. Rd3 Bg4 29. Ne4 Bf5 30. Rxd6 Kg7 31. Rxd8 Rxd8 32. Ng3 Be6 33. c3 Bxa2 34. Kc2 Bc4 35. b3 Be6 36. c4 Rd4 37. Rf1 a4 0-1


[Site "https://www.chess.com"]

[Event "Titled Tuesday Blitz May 03 Late 2022"]
[White "Weber, Samuel"]
[Black "Urbina Perez, Juan Antonio"]
[WhiteFideId "12924008"]
[BlackFideId "2217368"]
[WhiteElo "2215"]
[BlackElo "2192"]
[Result "1-0"]
[Round "06"]
[TimeControl "180+1"]
[Date "2022.05.03"]
[WhiteClock "0:00:25"]
[BlackClock "0:00:19"]

1. Nf3 d5 2. g3 e6 3. Bg2 Nf6 4. O-O c5 5. d4 cxd4 6. Nxd4 Nc6 7. Nxc6 bxc6 8. c4 Be7 9. Bf4 O-O 10. cxd5 cxd5 11. Nc3 Bd6 12. Bxd6 Qxd6 13. Qd4 Qb6 14. Qxb6 axb6 15. Rfc1 Bd7 16. e3 Rfc8 17. Bf1 Kf8 18. a3 Ke7 19. Bd3 g6 20. Kf1 Kd6 21. f4 Rc7 22. Ke2 Rac8 23. h3 Bc6 24. g4 Nd7 25. h4 Nc5 26. Bc2 f6 27. Rd1 Ke7 28. Rd4 Rd8 29. Rad1 Rcd7 30. b4 e5 31. R4d2 Ne6 32. fxe5 fxe5 33. h5 d4 34. hxg6 hxg6 35. Na4 Bxa4 36. Bxa4 Rd6 37. Bb3 Ng5 38. exd4 exd4 39. Kd3 Kf6 40. Rf1+ Kg7 41. Re2 R8d7 42. Re5 Nh7 43. g5 Rc7 44. Bc4 Nf8 45. Rf4 b5 46. Rxb5 Ne6 47. Bxe6 Rxe6 48. Rxd4 Re1 49. Rc5 Rd1+ 50. Kc4 Rxd4+ 51. Kxd4 Ra7 52. Ra5 Rf7 53. Rd5 Rf3 54. a4 Ra3 55. a5 Ra4 56. Kc5 1-0


[Site "https://www.chess.com"]

[Event "Titled Tuesday Blitz May 03 Late 2022"]
[White "Xiong, Jeffery"]
[Black "Kollars, Dmitrij"]
[WhiteFideId "2047640"]
[BlackFideId "12909572"]
[WhiteElo "2727"]
[BlackElo "2584"]
[Result "1/2-1/2"]
[Round "06"]
[TimeControl "180+1"]
[Date "2022.05.03"]
[WhiteClock "0:00:08"]
[BlackClock "0:00:05"]

1. e4 e5 2. Nf3 Nc6 3. Nc3 Nf6 4. d4 exd4 5. Nxd4 Bb4 6. Nxc6 bxc6 7. Bd3 d5 8. exd5 O-O 9. O-O cxd5 10. h3 c6 11. Qf3 Re8 12. Bf4 Qe7 13. Rfd1 Bd6 14. Ne2 Rb8 15. b3 Bxf4 16. Nxf4 Bd7 17. Rac1 a5 18. c4 d4 19. c5 Qe5 20. Bc4 Rbd8 21. Rc2 Bf5 22. Re2 Qxc5 23. Rc1 Qd6 24. Rxe8+ Rxe8 25. Bd3 Be4 26. Bxe4 Rxe4 27. Nd3 h6 28. Qf5 Re2 29. Qxa5 Qe6 30. Nf4 Re5 31. Qd8+ Qe8 32. Qxd4 Re4 33. Qd6 Re1+ 34. Rxe1 Qxe1+ 35. Kh2 Qxf2 36. a4 Ne4 37. Qd8+ Kh7 38. Nh5 g6 39. Qe7 Nd2 40. Qf6 Nf1+ 41. Kh1 Ng3+ 42. Kh2 Nf1+ 43. Kh1 Ng3+ 44. Kh2 Nf1+ 1/2-1/2


[Site "https://www.chess.com"]

[Event "Titled Tuesday Blitz May 03 Late 2022"]
[White "Yanayt, Eugene"]
[Black "Moral Garcia, Serafin"]
[WhiteFideId "2020165"]
[BlackFideId "2201925"]
[WhiteElo "2046"]
[BlackElo "2228"]
[Result "0-1"]
[Round "06"]
[TimeControl "180+1"]
[Date "2022.05.03"]
[WhiteClock "0:01:05"]
[BlackClock "0:01:51"]

1. d4 Nf6 2. c4 g6 3. Nc3 d5 4. Bd2 dxc4 5. Rc1 Bg7 6. Nf3 c6 7. a4 a6 8. e4 b5 9. b3 b4 10. Na2 c3 11. Bg5 a5 12. Bd3 Ba6 13. O-O O-O 14. Rc2 c5 15. d5 Nbd7 16. Qe2 Bxd3 17. Qxd3 Ng4 18. d6 Nde5 19. Nxe5 Nxe5 20. Qd5 Qxd6 21. Qxd6 exd6 22. Be7 Rfc8 23. Bxd6 c4 24. Nc1 Nd3 0-1


[Site "https://www.chess.com"]

[Event "Titled Tuesday Blitz May 03 Late 2022"]
[White "Yaran, Siar"]
[Black "Guz, Ari"]
[WhiteFideId "6323006"]
[BlackFideId "2825759"]
[WhiteElo "1977"]
[BlackElo "1913"]
[Result "0-1"]
[Round "06"]
[TimeControl "180+1"]
[Date "2022.05.03"]
[WhiteClock "0:00:09"]
[BlackClock "0:00:19"]

1. e4 c5 2. Nf3 e6 3. Nc3 a6 4. d4 cxd4 5. Nxd4 Qc7 6. a3 Nf6 7. Be2 Nc6 8. Be3 Be7 9. f4 d6 10. Nb3 O-O 11. O-O b5 12. g4 Bb7 13. g5 Nd7 14. Rf3 Rfd8 15. Rh3 Nf8 16. Qe1 d5 17. exd5 exd5 18. Bd3 g6 19. Nd4 Nxd4 20. Bxd4 Bc5 21. Bxc5 Qxc5+ 22. Qf2 Qxf2+ 23. Kxf2 Ne6 24. Ne2 Rac8 25. Rg1 d4 26. f5 Nc5 27. f6 Nxd3+ 28. cxd3 Rc2 29. Rc1 Rxb2 30. Kf1 Rb3 31. Rc7 Be4 32. Rh4 Bxd3 33. Rxd4 Bxe2+ 34. Kxe2 Rf8 35. a4 bxa4 36. Rxa4 Rb2+ 37. Kf3 Rxh2 38. Rxa6 h6 39. gxh6 Rxh6 40. Kg4 Rh5 41. Rca7 Rf5 42. Re7 Rd8 43. Re4 Rf8 44. Rf4 Rxf4+ 45. Kxf4 Re8 46. Ra7 Re6 47. Kg5 Re5+ 48. Kg4 Rf5 49. Ra6 Kh7 50. Rb6 Kh6 51. Ra6 Rg5+ 52. Kf4 Kh5 53. Ke4 Rf5 54. Rb6 Kg5 55. Rb1 Kxf6 56. Rg1 Kg7 57. Ke3 Rf6 58. Ke4 Rf2 59. Ke3 Rf5 60. Ke4 Kf6 61. Rg2 g5 62. Rg1 Rf4+ 63. Ke3 Kg6 64. Rb1 f6 65. Rb8 Rf5 66. Ke4 Rf1 67. Ke3 Kh5 68. Ke2 Rf4 69. Rb1 Kg4 70. Rg1+ Kf5 71. Rb1 g4 72. Ke3 Rf3+ 73. Ke2 Kg5 74. Rh1 f5 75. Rh8 Kf4 76. Ra8 Re3+ 77. Kf2 Re4 78. Ra3 Rb4 79. Rc3 Rb2+ 80. Kg1 Kg5 81. Rc8 f4 82. Rc3 Kh4 83. Rd3 f3 84. Kf1 Kg3 85. Ke1 Kg2 0-1


[Site "https://www.chess.com"]

[Event "Titled Tuesday Blitz May 03 Late 2022"]
[White "Zhang, Derek"]
[Black "Erdogdu, Mert"]
[WhiteFideId "2087871"]
[BlackFideId "6301495"]
[WhiteElo "2085"]
[BlackElo "2485"]
[Result "1-0"]
[Round "06"]
[TimeControl "180+1"]
[Date "2022.05.03"]
[WhiteClock "0:00:15"]
[BlackClock "0:00:14"]

1. Nf3 d5 2. c4 e6 3. e3 c5 4. cxd5 exd5 5. d4 Nf6 6. Be2 Nc6 7. Nc3 c4 8. O-O Bb4 9. Bd2 Bf5 10. b3 Bxc3 11. Bxc3 b5 12. Ne5 Rc8 13. a4 a6 14. axb5 axb5 15. Ra6 Nb8 16. Ra7 O-O 17. Bb4 Qb6 18. Qa1 Rfe8 19. Nxf7 Nc6 20. Ra6 Qc7 21. Rxc6 Qxc6 22. Nd6 Ra8 23. Qb2 Bd3 24. Nxe8 Qxe8 25. bxc4 dxc4 26. Rc1 Bxe2 27. Qxe2 Nd5 28. Bc5 Qe4 29. Qf3 Qxf3 30. gxf3 Ra2 31. Kg2 Nxe3+ 32. Kg3 Nd5 33. f4 g6 34. Kf3 Kf7 35. Ke4 Ke6 36. Kf3 Ra3+ 37. Bxa3 c3 38. Bc5 Kd7 39. Ke4 Ke6 40. Kd3 b4 41. Kc4 Nxf4 42. Bxb4 Nd5 43. Bxc3 1-0


[Site "https://www.chess.com"]

[Event "Titled Tuesday Blitz May 03 Late 2022"]
[White "Zhou, Qiyu"]
[Black "Wagner, Dinara"]
[WhiteFideId "505161"]
[BlackFideId "24157570"]
[WhiteElo "1925"]
[BlackElo "2216"]
[Result "1/2-1/2"]
[Round "06"]
[TimeControl "180+1"]
[Date "2022.05.03"]
[WhiteClock "0:00:13"]
[BlackClock "0:00:23"]

1. e4 c5 2. Nf3 d6 3. d4 cxd4 4. Nxd4 Nf6 5. Nc3 a6 6. Be3 e6 7. f4 Nc6 8. Be2 Be7 9. O-O O-O 10. Bf3 Qc7 11. Qe1 Nxd4 12. Bxd4 e5 13. Be3 exf4 14. Bxf4 Be6 15. Qg3 Kh8 16. Rad1 Rad8 17. Rd2 Qb6+ 18. Kh1 Qxb2 19. Nd5 Bxd5 20. exd5 Qxa2 21. Re1 Rfe8 22. Rde2 Bf8 23. h4 Rxe2 24. Rxe2 Nxd5 25. Bxd6 Nf6 26. Be5 Qb1+ 27. Kh2 Qb5 28. Qf4 Re8 29. c4 Qb6 30. Bxf6 Rxe2 31. Bxg7+ Kxg7 32. Qg5+ Qg6 33. Qxg6+ fxg6 34. Bxe2 b6 35. g4 Kf6 36. Kg2 Ke5 37. Kf3 a5 38. Ke3 a4 39. Kd3 Bb4 40. Bd1 Be1 41. Bxa4 Bxh4 42. Bd7 Be7 43. Ke3 Bc5+ 44. Kd3 Kf4 45. Be6 h5 46. gxh5 gxh5 47. Ke2 Kg3 48. Kf1 h4 49. Bd5 h3 50. Bh1 Bd4 51. Bd5 Kf4 52. Bh1 Ke5 53. Ke2 Kf4 54. Kf1 Bc5 55. Bd5 Ke5 56. Bh1 Kd4 57. Bd5 b5 58. Be6 h2 59. Kg2 b4 60. Bf5 Bd6 61. Kh1 Kxc4 62. Bb1 Kc3 63. Bf5 Kb2 64. Bg6 Kc1 65. Bf5 b3 66. Bg6 b2 67. Bf5 Kd2 68. Bg6 Ke3 69. Bf5 Kf2 70. Bb1 Kg3 71. Bh7 Bc5 72. Bb1 Bd6 73. Bh7 Kf4 74. Bb1 Ke3 75. Bh7 Kd2 76. Bb1 Kc1 77. Bh7 b1=Q 78. Bxb1 Kxb1 79. Kg2 h1=Q+ 80. Kxh1 1/2-1/2


[Site "https://www.chess.com"]

[Event "Titled Tuesday Blitz May 03 Late 2022"]
[White "Abdyzhapar, Asylbek"]
[Black "Zhang, Derek"]
[WhiteFideId "13800337"]
[BlackFideId "2087871"]
[WhiteElo "2331"]
[BlackElo "2085"]
[Result "0-1"]
[Round "07"]
[TimeControl "180+1"]
[Date "2022.05.03"]
[WhiteClock "0:01:07"]
[BlackClock "0:00:12"]

1. d4 d6 2. Nc3 e5 3. Nf3 exd4 4. Nxd4 Nf6 5. e4 Be7 6. Be2 O-O 7. O-O Re8 8. f3 Nbd7 9. Be3 Ne5 10. Re1 Bf8 11. Bf1 Ng6 12. a4 h6 13. Qd2 d5 14. exd5 Nxd5 15. Nxd5 Qxd5 16. c3 Bd7 17. Nb5 Qxd2 18. Bxd2 c6 19. Nd4 Bc5 20. Be3 Re7 21. Bf2 Rae8 22. Rxe7 Rxe7 23. b4 Bd6 24. Rd1 Bc7 25. a5 b6 26. a6 Kf8 27. b5 c5 28. Nc6 Bxc6 29. bxc6 Ne5 30. Bb5 g5 31. h4 f5 32. hxg5 hxg5 33. Kf1 Re6 34. Rd5 Kf7 35. g3 Kf6 36. f4 Nxc6 37. Rd7 Bb8 38. Bc4 Re7 39. fxg5+ Kxg5 40. Rd5 Ne5 41. Be2 Rd7 42. c4 Rxd5 43. cxd5 Kf6 44. Be3 Bd6 45. Bf4 Nf7 46. Bb5 Bxf4 47. gxf4 Nd6 48. Bc6 Kg6 49. Kf2 Kh5 50. Kf3 Kh4 51. Bd7 b5 52. Bc6 c4 53. Ke3 Kg3 54. Kd4 Kxf4 55. Kc5 Ke5 56. Kb4 Kd4 57. Bxb5 f4 58. Bd7 f3 59. Bh3 Kxd5 60. Bf1 Kd4 61. Bh3 f2 62. Bf1 c3 63. Kb3 Ne4 64. Kc2 Nd2 65. Be2 f1=Q 66. Bxf1 Nxf1 67. Kb3 Ne3 68. Kb4 c2 69. Kb5 c1=Q 0-1


[Site "https://www.chess.com"]

[Event "Titled Tuesday Blitz May 03 Late 2022"]
[White "Akrakan"]
[Black "Ovezdurdyyeva, Jemal"]
[BlackFideId "14001888"]
[WhiteElo "2135"]
[BlackElo "1946"]
[Result "0-1"]
[Round "07"]
[TimeControl "180+1"]
[Date "2022.05.03"]
[WhiteClock "0:00:17"]
[BlackClock "0:00:28"]

1. e4 d6 2. d4 Nf6 3. Bd3 g6 4. f4 c5 5. c3 cxd4 6. cxd4 Nc6 7. Nf3 Bg7 8. O-O Kf8 9. Nc3 Qb6 10. e5 dxe5 11. fxe5 Ng4 12. Na4 Qd8 13. Kh1 Nxd4 14. Bc4 Ne6 15. Qe2 Qa5 16. Bxe6 Bxe6 17. Ng5 Bf5 18. Qc4 Nxe5 19. Qb3 h6 20. Nf3 Nxf3 21. gxf3 Bf6 22. Be3 Kg7 23. Rac1 Be6 24. Qa3 Qh5 25. Nc5 Bd5 26. Ne4 Be5 27. Bg1 Rac8 28. Rce1 Rc2 29. Nf2 Bxf3+ 0-1


[Site "https://www.chess.com"]